 Dungeon Crawl Stone Soup version 0.30-a0-297-g0ec75d9ef4 (webtiles) character file.

Game seed: 10977140140762778057

53 Lobster4 the Covered (level 4, 0/51 HPs)
             Began as a Human Wanderer on Oct 18, 2022.
             Succumbed to an adder's poison
             ... on level 2 of the Dungeon.
             The game lasted 00:03:05 (700 turns).

Lobster4 the Covered (Human Wanderer)                Turns: 700, Time: 00:03:05

Health: 0/51       AC:  6    Str: 16    XL:     4   Next: 11%
Magic:  1/4        EV:  9    Int: 11    God:
Gold:   41         SH:  0    Dex: 14    Spells: 3/3 levels left

rFire   + . .      SeeInvis .    b - +0 quarterstaff
rCold   . . .      Faith    .    (shield currently unavailable)
rNeg    . . .      Spirit   +    c - +0 scale mail
rPois   .          Reflect  .    (no helmet)
rElec   .          Harm     .    (no cloak)
rCorr   .          Rampage  .    (no gloves)
Will    .....                    (no boots)
Stlth   ..........               g - amulet of guardian spirit
HPRegen 0.28/turn                (no ring)
MPRegen 0.09/turn                (no ring)

@: berserking (expiring), lethally poisoned (0 -> -3), attractive, very quick
A: fire resistance 1, strong 1, wild magic 1
a: no special abilities


You were on level 2 of the Dungeon.
You visited 1 branch of the dungeon, and saw 2 of its levels.

You collected 41 gold pieces.

Inventory:

Hand Weapons
 a - a +2 sling
 b - a +0 quarterstaff (weapon)
 l - a +0 mace
Armour
 c - a +0 scale mail (worn)
 j - a +1 kite shield of positive energy
Jewellery
 g - an amulet of guardian spirit (around neck)
Scrolls
 f - a scroll of butterflies {unknown}
Potions
 d - a potion of brilliance


   Skills:
 + Level 2.7 Fighting
 - Level 2.0 Staves
 + Level 2.8 Ranged Weapons
 - Level 1.0 Throwing
 + Level 3.5 Armour
 + Level 0.5 Stealth


You had 3 spell levels left.
You didn't know any spells.
Your spell library was empty.

Dungeon Overview and Level Annotations

Branches:
Dungeon (2/15)

Altars:

Shops:
D:1 (


Innate Abilities, Weirdness & Mutations

Your flesh is heat resistant. (rF+)
Your muscles are strong. (Str +4, Int/Dex -1)
Your spells are a little harder to cast, but a little more powerful.


Message History

It was a potion of mutation.
You feel extremely strange.
You feel resistant to heat.
You feel less in control of your magic.
You feel stronger.
You feel sick. The adder bites you but does no damage.
It was a potion of berserk rage.
A red film seems to cover your vision as you go berserk!
You feel yourself moving faster!
You feel mighty!
You feel sick. The adder bites you but does no damage.
b - a +0 quarterstaff (weapon)
You feel a strong urge to attack something.
The adder bites you.
* * * LOW HITPOINT WARNING * * *
You are lethally poisoned!
The adder poisons you!
You hit the adder.
The adder is severely wounded.
* * * LOW HITPOINT WARNING * * *
You feel sick. The adder barely misses you.
You barely miss the adder.
The adder is severely wounded.
* * * LOW HITPOINT WARNING * * *
You feel sick. The adder barely misses you.
You barely miss the adder.
The adder is severely wounded.
* * * LOW HITPOINT WARNING * * *
You feel sick. The adder bites you.
You closely miss the adder.
The adder is severely wounded.
* * * LOW HITPOINT WARNING * * *
You feel sick. The adder bites you but does no damage.
You thump the adder!
You kill the adder!
You have reached level 4!
You feel clever.
You closely miss the hobgoblin.
* * * LOW HITPOINT WARNING * * *
You feel sick. The hobgoblin closely misses you.
You thump the hobgoblin!
You kill the hobgoblin!
You die...

#....#########
#....##...
##.###..#
#.##..# #.#..#
#.#.#######
#..>......+
###.#.#####
#@# # #####.#
#.....#
#)##### #.#
#.# #.# #.#
###.#


There were no monsters in sight!

Vanquished Creatures
  An adder (D:2)
  A dart slug (D:1)
  2 bats (D:1)
  3 endoplasms (D:1)
  4 giant cockroaches (D:1)
  7 goblins (D:1)
  A hobgoblin (D:2)
  3 jackals (D:1)
  6 kobolds
  3 quokkas (D:1)
  4 ball pythons (D:1)
  2 frilled lizards
  A rat (D:1)
38 creatures vanquished.

Notes
Turn   | Place    | Note
-------+----------+-------------------------------------------
     0 | D:1      | Lobster4 the Human Wanderer began the quest for the Orb.
     0 | D:1      | Lobster4 set off with the following items: a +2 sling, a +0
                  | quarterstaff, a +0 scale mail, a potion of brilliance.
     0 | D:1      | Reached XP level 1. HP: 16/16 MP: 1/1
     3 | D:1      | Noticed an electric eel
     4 | D:1      | Noticed an electric eel
    34 | D:1      | Reached XP level 2. HP: 21/22 MP: 2/2
   154 | D:1      | Reached XP level 3. HP: 19/28 MP: 3/3
   426 | D:1      | Found Daaf's Weapon Boutique.
   691 | D:2      | Gained mutation: Your flesh is heat resistant. (rF+)
                  | [potion of mutation]
   691 | D:2      | Gained mutation: Your spells are a little harder to cast,
                  | but a little more powerful. [potion of mutation]
   691 | D:2      | Gained mutation: Your muscles are strong. (Str +4, Int/Dex
                  | -1) [potion of mutation]
   696 | D:2      | HP: 2/42 [poisoned by an adder]
   699 | D:2      | Reached XP level 4. HP: 1/34 MP: 1/4
   700 | D:2      | Succumbed to an adder's poison

Illustrated notes

Levels and vault maps discovered:
D:1:      arrival_aquarium_b, layout_rooms, serial_shops, shop, st_stairs_9
D:2:      layout_basic

Action                   |  1- 3 |  4- 6 || total
-------------------------+-------+-------++-------
Melee: Quarterstaff      |     5 |     2 ||     7
 Fire: Sling             |    96 |       ||    96
  Use: Potion            |     3 |       ||     3
Armor: Scale mail        |    53 |       ||    53
Dodge: Dodged            |    37 |     1 ||    38

Table legend: (Time is in decaauts)
 A = Elapsed time spent in this place.
 B = Non-inter-level travel time spent in this place.
 C = Inter-level travel time spent in this place.
 D = Time resting spent in this place.
 E = Time spent auto-exploring this place.
 F = Levels seen in this place.
 G = Mean time per level.
                   A        B        C        D        E       F      G
               +--------+--------+--------+--------+--------+-----+--------+
         Total |    749 |    737 |     12 |      0 |    509 |   2 |  374.5 |
       Dungeon |    749 |    737 |     12 |      0 |    509 |   2 |  374.5 |
               +--------+--------+--------+--------+--------+-----+--------+

Top non-repeatable levels by time:
     D:1: 611 daAuts
     D:2: 137 daAuts
